 Dungeon Crawl Stone Soup version 0.29-a0-1047-g7c58e119a4 (webtiles) character file.

Game seed: 1593858873776769916

135 siradein the Shooter (level 5, -1/33 HPs)
             Began as a Kobold Hunter on Aug 16, 2022.
             Slain by a gnoll
             ... wielding a +0 club
              (6 damage)
             ... on level 4 of the Dungeon.
             The game lasted 00:04:37 (2929 turns).

siradein the Shooter (Kobold Hunter)                Turns: 2929, Time: 00:04:38

Health: -1/33      AC:  4    Str:  8    XL:     5   Next: 42%
Magic:  5/5        EV: 15    Int: 10    God:
Gold:   134        SH:  0    Dex: 27    Spells: 4/4 levels left

rFire   . . .      SeeInvis .   b - +0 rapier
rCold   . . .      Faith    .   (no shield)
rNeg    . . .      Spirit   .   c - +0 leather armour
rPois   .          Reflect  .   d - +0 helmet
rElec   .          Harm     .   (no cloak)
rCorr   .          Rampage  .   (no gloves)
Will    .....                   (no boots)
Stlth   +++.......              (no amulet)
HPRegen 0.11/turn               g - +6 ring of dexterity
MPRegen 0.09/turn               (no ring)

@: no status effects
A: small, no large weapons, nightstalker 3
a: no special abilities


You were on level 4 of the Dungeon.
You visited 1 branch of the dungeon, and saw 4 of its levels.

You collected 134 gold pieces.

Inventory:

Hand Weapons
 a - a +0 shortbow
 b - a +0 rapier (weapon)
Missiles
 h - 3 throwing nets
Armour
 c - a +0 leather armour (worn)
 d - a +0 helmet (worn)
Jewellery
 g - a +6 ring of dexterity (left hand)
Scrolls
 f - 6 scrolls of identify {unknown}
 i - a scroll of immolation
 l - 3 scrolls of teleportation {unknown}
 m - 2 scrolls of magic mapping {unknown}
Potions
 e - 2 potions of berserk rage {unknown}
 j - 2 potions of heal wounds {unknown}
 n - a potion of curing {unknown}


   Skills:
 + Level 4.0 Fighting
 + Level 2.1 Short Blades
 + Level 6.7 Ranged Weapons
 - Level 2.4 Dodging
 - Level 1.3 Stealth


You had 4 spell levels left.
You didn't know any spells.
Your spell library contained the following spells:

 Spells                   Type           Power      Damage    Failure   Level
 Summon Small Mammal      Summ           0%         N/A       50%         1
 Call Imp                 Summ           0%         N/A       63%         2
 Teleport Other           Tloc           0%         N/A       86%         3
 Disjunction              Tloc           0%         N/A       100%        8


Dungeon Overview and Level Annotations

Branches:
Dungeon (4/15)
 Temple: D:4-7

Altars:
Nemelex Xobeh
Qazlal
Sif Muna
Xom

Annotations:
D:3 2 transporters


Innate Abilities, Weirdness & Mutations

You are small and have problems with some larger weapons.
You are completely attuned to the shadows.


Message History

The adder hisses angrily.
The adder is almost dead.
You hear a shout! x4
A gnoll comes into view. It is wielding a +0 spear.
A gnoll comes into view. It is wielding a +0 club.
b - a +0 rapier (weapon)
The adder bites you but does no damage. The adder attacks as you move away!
The adder closely misses you.
You closely miss the adder.
The adder is almost dead.
The adder bites you.
A goblin comes into view. It is wielding a +0 dagger.
The adder closely misses you.
You barely miss the adder.
The adder is almost dead.
The adder bites you.
You barely miss the adder.
The adder is almost dead.
The adder closely misses you. The adder misses you.
You puncture the adder!
You kill the adder!
You completely miss the gnoll. The gnoll hits you with a +0 club.
You hit the gnoll but do no damage.
The gnoll hits you but does no damage. x2
You hit the gnoll.
The gnoll is moderately wounded.
The gnoll hits you from afar with a +0 spear.
The gnoll misses you.
You barely miss the gnoll.
The gnoll is moderately wounded.
The gnoll hits you from afar with a +0 spear.
The gnoll barely misses you.
You puncture the gnoll!
The gnoll is severely wounded.
The gnoll hits you from afar with a +0 spear.
The gnoll hits you with a +0 club.
* * * LOW HITPOINT WARNING * * *
The gnoll hits you from afar with a +0 spear.
* * * LOW HITPOINT WARNING * * *
The gnoll hits you with a +0 club.
You die...

...#..#####......
...## ##..... #..
#..... ##.....
..# ##...... ..
#..##### #. #.##
###.###.#
#..ggg@.#
#.#.##### #. .g
##.


You could see 2 gnolls and a goblin.

Vanquished Creatures
  An iguana (D:4)
  5 adders
  2 worms
  A dart slug (D:3)
  4 orcs
  3 endoplasms
  2 goblins
  3 hobgoblins (D:1)
  A quokka (D:1)
  8 ball pythons
  8 bats
  4 frilled lizards
  8 kobolds
  6 rats
56 creatures vanquished.

Vanquished Creatures (others)
  6 plants (D:2)
6 creatures vanquished.

Grand Total: 62 creatures vanquished

Notes
Turn   | Place    | Note
-------+----------+-------------------------------------------
     0 | D:1      | siradein the Kobold Hunter began the quest for the Orb.
     0 | D:1      | Reached XP level 1. HP: 12/12 MP: 1/1
   282 | D:1      | Reached XP level 2. HP: 18/18 MP: 2/2
  1073 | D:1      | Found a faded altar of an unknown god.
  1132 | D:2      | Reached XP level 3. HP: 19/23 MP: 3/3
  1228 | D:2      | Reached skill level 6 in Ranged Weapons
  1530 | D:2      | Reached XP level 4. HP: 28/28 MP: 4/4
  1532 | D:2      | Got the Papyrus of Productive Orientation
  1982 | D:2      | Reached skill level 1 in Short Blades
  2005 | D:3      | Found the amulet of Elemental Vulnerability {rPois rF--
                  | rC-- AC+8}
  2197 | D:3      | Found a transporter.
  2216 | D:3      | Found a stormy altar of Qazlal.
  2216 | D:3      | Noticed a sky beast
  2218 | D:3      | Found a sparkling altar of Nemelex Xobeh.
  2342 | D:3      | Found a shimmering blue altar of Sif Muna.
  2344 | D:3      | Found a shimmering altar of Xom.
  2432 | D:3      | Reached XP level 5. HP: 33/33 MP: 5/5
  2446 | D:3      | Found a transporter.
  2929 | D:4      | Slain by a gnoll

Illustrated notes

Levels and vault maps discovered:
D:1:      minmay_arrival_four_loops, layout_loops_corners,
          shapermc_ecumenical_altar_mp_highgroup
D:2:      layout_rooms, serial_park_tiny_pond, st_stairs_12, serial_bayou_ford_a
D:3:      layout_basic, gammafunk_temple_overflow_arena,
          nicolae_overflow_squiral
D:4:      layout_rooms, jmf_multi_god_temple, kennysheep_another_room

Skill      XL: |  1  2  3  4  5 |
---------------+----------------+-----
Fighting       | 3 4 |  4.0
Ranged Weapons | 6 |  6.7
Short Blades   | 1 2 |  2.1
Dodging        | |  2.4
Stealth        | |  1.3

Action                   |  1- 3 |  4- 6 || total
-------------------------+-------+-------++-------
Melee: Rapier            |       |     9 ||     9
 Fire: Shortbow          |    73 |    59 ||   132
Armor: Leather armour    |     6 |     8 ||    14
Dodge: Dodged            |    32 |    26 ||    58

Table legend: (Time is in decaauts)
 A = Elapsed time spent in this place.
 B = Non-inter-level travel time spent in this place.
 C = Inter-level travel time spent in this place.
 D = Time resting spent in this place.
 E = Time spent auto-exploring this place.
 F = Levels seen in this place.
 G = Mean time per level.
                   A        B        C        D        E       F      G
               +--------+--------+--------+--------+--------+-----+--------+
         Total |   2967 |   2861 |    106 |      0 |   2561 |   4 |  741.8 |
       Dungeon |   2967 |   2861 |    106 |      0 |   2561 |   4 |  741.8 |
               +--------+--------+--------+--------+--------+-----+--------+

Top non-repeatable levels by time:
     D:1: 1137 daAuts
     D:2: 897 daAuts
     D:3: 746 daAuts
     D:4: 185 daAuts
